 Dungeon Crawl Stone Soup version 0.28.0 (webtiles) character file.

Game seed: 17074674630886945160

9078 Renzlar the Blocker (level 11, 0/89 HPs)
             Began as a Gnoll Fighter on Feb 6, 2022.
             Was an Elder of Okawaru.
             Succumbed to a green draconian's poison gas
             ... on level 1 of the Abyss.
             The game lasted 00:49:36 (10109 turns).

Renzlar the Blocker (Gnoll Fighter)                Turns: 10109, Time: 00:49:36

Health: 0/89       AC: 16    Str: 20    XL:     11   Next: 40%
Magic:  20/20      EV: 11    Int:  7    God:    Okawaru [****..]
Gold:   352        SH: 10    Dex: 11    Spells: 22/22 levels left

rFire   + . .      SeeInvis .   e - +8 trident "Bacsuppu" {vorpal, rElec rC+++ Will- Int-3}
rCold   + + +      Faith    .   J - +0 kite shield
rNeg    . . .      Spirit   .   m - +1 ring mail {rF+}
rPois   .          Reflect  .   (helmet restricted)
rElec   +          Harm     .   G - +2 cloak
rCorr   .          Rampage  .   s - +2 pair of gloves
Will    .....                   (no boots)
Stlth   ++........              (no amulet)
HPRegen 0.24/turn               p - ring of protection from cold
MPRegen 0.17/turn               (no ring)

@: lethally poisoned (0 -> -24), unable to read
A: fangs 1, strong nose, distributed training, horns 1, iridescent scales 1,
strong 1, wild magic 1, inability to read while threatened
a: Renounce Religion, Heroism, Finesse


You were on level 1 of the Abyss.
You worshipped Okawaru.
Okawaru was greatly pleased with you.
You visited 2 branches of the dungeon, and saw 10 of its levels.
You visited the Abyss 1 time.
You also visited: Sewer.

You collected 547 gold pieces.
You spent 195 gold pieces at shops.

Inventory:

Hand Weapons
 a - a +1 war axe
 b - a +5 flail of draining
 c - a +0 hunting sling
 d - the +5 hunting sling of Seloynet {speed, rPois Will- Str+2}
   (You bought it in a shop on level 6 of the Dungeon)

   Attacks with this weapon are significantly faster.
   Str:       It affects your strength (+2).
   rPois:     It protects you from poison.
   Will:      It decreases your willpower.
 e - the +8 trident "Bacsuppu" (weapon) {vorpal, rElec rC+++ Will- Int-3}
   (You took it off a spriggan on level 9 of the Dungeon)

   It inflicts extra damage upon your enemies.
   Int:       It affects your intelligence (-3).
   rC:        It renders you almost immune to cold.
   rElec:     It insulates you from electricity.
   Will:      It decreases your willpower.
 w - a +4 dagger
Missiles
 g - 251 stones
 k - 40 sling bullets
 v - 143 bolts
 C - 35 poisoned darts
Armour
 m - a +1 ring mail of fire resistance (worn)
 s - a +2 pair of gloves (worn)
 t - a +2 helmet
 G - a +2 cloak (worn)
 J - a +0 kite shield (worn)
Jewellery
 f - a +6 ring of intelligence
 p - a ring of protection from cold (left hand)
Wands
 l - a wand of digging (4)
 u - a wand of flame (25)
 A - a wand of mindburst (7)
 D - a wand of acid (11)
Scrolls
 i - a scroll of magic mapping
 r - a scroll of immolation
 y - 2 scrolls of enchant weapon
 B - a scroll of enchant armour
 F - a scroll of silence {unknown}
 H - a scroll of noise {unknown}
Potions
 j - 2 potions of cancellation
 n - 2 potions of lignification
 o - 3 potions of curing
 q - 2 potions of flight
 x - a potion of haste
 z - 2 potions of resistance
 E - 2 potions of heal wounds
 I - a potion of mutation


   Skills:
 + Level 9.1 Fighting
 + Level 6.2 Short Blades
 + Level 6.2 Long Blades
 + Level 7.8 Axes
 + Level 6.2 Maces & Flails
 + Level 6.2 Polearms
 + Level 6.2 Staves
 + Level 6.2 Slings
 + Level 6.2 Bows
 + Level 6.2 Crossbows
 + Level 6.2 Throwing
 + Level 9.1 Armour
 + Level 6.2 Dodging
 + Level 6.2 Stealth
 + Level 9.1 Shields
 + Level 6.2 Unarmed Combat
 + Level 6.2 Spellcasting
 + Level 5.2 Conjurations
 + Level 5.2 Hexes
 + Level 5.2 Summonings
 + Level 5.2 Necromancy
 + Level 5.2 Translocations
 + Level 5.2 Transmutations
 + Level 5.2 Fire Magic
 + Level 5.2 Ice Magic
 + Level 5.2 Air Magic
 + Level 5.2 Earth Magic
 + Level 5.2 Poison Magic
 + Level 6.9 Invocations
 + Level 6.2 Evocations


You had 22 spell levels left.
You didn't know any spells.
Your spell library contained the following spells:

 Spells                   Type           Power      Damage    Failure   Level
 Apportation              Tloc           24%        N/A       16%         1
 Shock                    Conj/Air       48%        1d6       16%         1
 Corpse Rot               Necr/Air       24%        N/A       22%         2
 Swiftness                Air            12%        N/A       38%         3
 Airstrike                Air            6%         N/A       78%         4
 Dispel Undead            Necr           12%        3d9       78%         4
 Hailstorm                Conj/Ice       12%        3d5       78%         4
 Ice Form                 Ice/Tmut       12%        N/A       78%         4
 Alistair's Intoxication  Tmut/Pois      8%         N/A       98%         5
 Freezing Cloud           Conj/Ice/Air   6%         6-21      98%         5
 Polar Vortex             Ice            6%         N/A       100%        9
 Death Channel            Necr           Unusable   N/A       N/A         6
 Simulacrum               Ice/Necr       Unusable   N/A       N/A         6

Dungeon Overview and Level Annotations

Branches:
Dungeon (9/15)             Temple (1/1) D:6            Lair (0/6) D:8
  Sewer (visited)
    Orc: D:9-12

Altars:
Cheibriados
Elyvilon
Fedhas
Gozag
Hepliaklqana
Makhleb
Okawaru
Qazlal
Sif Muna
Zin

Shops:
D:5 [   D:6 (

Annotations:
D:9 Erolcha


Innate Abilities, Weirdness & Mutations

You have very sharp teeth.
Your uncanny sense of smell can sniff out nearby items.
Your experience applies equally to all skills.
You have a pair of small horns on your head.
You are partially covered in iridescent scales. (AC +2)
Your muscles are strong. (Str +2)
Your spells are a little harder to cast, but a little more powerful.
You sometimes lose the ability to read scrolls when taking damage.


Message History

The blast of poison misses you.
You are engulfed in poison gas.
You are poisoned.
You feel very sick.
You hit the green draconian but do no damage.
You headbutt the green draconian, but do no damage.
You are engulfed in poison gas.
You are more poisoned.
You feel extremely sick.
The green draconian breathes poison at you.
The blast of poison engulfs you!
You are more poisoned.
You feel threatened and lose the ability to read scrolls!
You hit the green draconian.
You headbutt the green draconian, but do no damage.
You bite the green draconian, but do no damage.
The green draconian is lightly wounded.
You are engulfed in poison gas.
You are more poisoned.
You feel extremely sick.
The green draconian barely misses you. x2
You barely miss the green draconian.
You headbutt the green draconian, but do no damage.
The green draconian is lightly wounded.
* * * LOW HITPOINT WARNING * * *
You feel extremely sick.
The green draconian hits you but does no damage.
You block the green draconian's attack.
You puncture the green draconian!
The green draconian is lightly wounded.
* * * LOW HITPOINT WARNING * * *
You feel extremely sick.
The green draconian hits you with a +0 scimitar!
* * * LOW HITPOINT WARNING * * *
The green draconian tail-slaps you but does no damage.
The green draconian hits you but does no damage.
The green draconian completely misses you.
You hit the green draconian.
You headbutt the green draconian, but do no damage.
The green draconian is moderately wounded.
You die...

## . ......#
# # ## #...
# ##.###.
#.#>. .#. #
..##..#.
###.####○.#
# #...#°#○○
##.#
.##.°#°#
#..§.##.@d○#
#...°°#○.#
#.##...☼###
#.#..###.
... #....
##.... ##.##
..... #.#
.... ## .§#
.##


You could see a green draconian.

Vanquished Creatures
  A boulder beetle (D:9)
  3 death yaks (D:8)
  The ghost of willcat the Covert, a journeyman KoDe of Nemelex Xobeh (D:9)
  A cyclops (D:9)
  Maggie (D:6)
  Grinder (D:5)
  Prince Ribbit (D:8)
  Sigmund (D:6)
  A wyvern (D:9)
  3 spriggans (D:9)
  Eustachio (D:4)
  A steam dragon (D:9)
  Edmund (D:6)
  3 water moccasins
  4 sky beasts
  2 black bears
  2 orc warriors
  An ice beast (D:6)
  A necrophage (D:5)
  3 centaurs
  2 ogres
  A wolf (D:9)
  4 kobold brigands
  Blork the orc (D:4)
  A small abomination (Abyss:1)
  2 bullfrogs
  3 gnoll sergeants (D:9)
  3 scorpions
  2 water moccasin skeletons
  4 wights (D:6)
  A howler monkey (D:7)
  A bullfrog zombie (D:5)
  6 centaur zombies
  A hound (D:5)
  2 centaur skeletons (D:7)
  A gnoll shaman (D:9)
  4 orc priests
  Crazy Yiuf (D:7)
  4 iguanas
  5 orc wizards
  A hell rat (D:8)
  A killer bee zombie (D:8)
  A hound zombie (D:5)
  A hound skeleton (D:4)
  2 howler monkey zombies (D:9)
  Robin (D:4)
  4 gnolls (D:9)
  5 adders
  3 river rats
  A shadow imp (D:5)
  2 white imps
  2 ufetubi
  A worm (D:5)
  4 dart slugs
  22 orcs
  17 ball pythons
  4 endoplasms
  3 giant cockroaches
  10 goblins
  16 hobgoblins
  6 jackals (D:1)
  9 quokkas
  8 bats
  6 frilled lizards
  33 kobolds
  12 rats
  A butterfly (D:6)
258 creatures vanquished.

Vanquished Creatures (others)
  A ball python (D:4)
  A quokka (D:4)
  A fungus (Sewer)
  5 plants
8 creatures vanquished.

Grand Total: 266 creatures vanquished

Notes
Turn   | Place    | Note
-------+----------+-------------------------------------------
     0 | D:1      | Renzlar the Gnoll Fighter began the quest for the Orb.
     0 | D:1      | Reached XP level 1. HP: 23/23 MP: 1/1
   166 | D:1      | Reached XP level 2. HP: 18/29 MP: 2/2
   429 | D:1      | Reached XP level 3. HP: 31/35 MP: 3/3
   637 | D:1      | Reached skill level 1 in Invocations
   664 | D:1      | Found a faded altar of an unknown god.
   825 | D:1      | Reached skill level 1 in Short Blades
   825 | D:1      | Reached skill level 1 in Long Blades
   825 | D:1      | Reached skill level 1 in Maces & Flails
   825 | D:1      | Reached skill level 1 in Polearms
   825 | D:1      | Reached skill level 1 in Staves
   825 | D:1      | Reached skill level 1 in Slings
   825 | D:1      | Reached skill level 1 in Bows
   825 | D:1      | Reached skill level 1 in Crossbows
   825 | D:1      | Reached skill level 1 in Throwing
   825 | D:1      | Reached skill level 1 in Dodging
   825 | D:1      | Reached skill level 1 in Stealth
   825 | D:1      | Reached skill level 1 in Unarmed Combat
   825 | D:1      | Reached skill level 1 in Spellcasting
   825 | D:1      | Reached skill level 1 in Evocations
  1024 | D:2      | Reached XP level 4. HP: 41/41 MP: 5/5
  1999 | D:3      | Reached skill level 1 in Conjurations
  1999 | D:3      | Reached skill level 1 in Hexes
  1999 | D:3      | Reached skill level 1 in Summonings
  1999 | D:3      | Reached skill level 1 in Necromancy
  1999 | D:3      | Reached skill level 1 in Translocations
  1999 | D:3      | Reached skill level 1 in Transmutations
  1999 | D:3      | Reached skill level 1 in Fire Magic
  1999 | D:3      | Reached skill level 1 in Ice Magic
  1999 | D:3      | Reached skill level 1 in Air Magic
  1999 | D:3      | Reached skill level 1 in Earth Magic
  1999 | D:3      | Reached skill level 1 in Poison Magic
  2002 | D:3      | Reached XP level 5. HP: 38/47 MP: 5/7
  2218 | D:3      | Found a blossoming altar of Fedhas.
  2817 | D:4      | Noticed Eustachio
  2830 | D:4      | Killed Eustachio
  2831 | D:4      | Reached skill level 5 in Axes
  2831 | D:4      | Reached XP level 6. HP: 41/53 MP: 7/9
  2987 | D:4      | Found a white marble altar of Elyvilon.
  3271 | D:4      | Reached XP level 7. HP: 59/59 MP: 10/10
  3503 | D:4      | You fall into a shaft and drop 1 floor!
  3503 | D:5      | Entered Level 5 of the Dungeon
  3503 | D:5      | Noticed Grinder
  3521 | D:5      | Killed Grinder
  3643 | D:5      | Reached XP level 8. HP: 67/67 MP: 12/12
  3824 | D:5      | Found Simuod Qegoq's Armour Shoppe.
  3936 | D:5      | Identified the +3 ring mail of the Morning Star {Dex+4}
  4400 | D:4      | Noticed Robin
  4402 | D:4      | Killed Robin
  4609 | D:4      | Noticed Blork the orc
  4620 | D:4      | Killed Blork the orc
  5055 | D:6      | Found a glowing drain.
  5083 | Sewer    | Entered a sewer
  5544 | D:6      | Noticed Edmund
  5573 | D:6      | Killed Edmund
  5574 | D:6      | Reached XP level 9. HP: 58/73 MP: 14/14
  6039 | D:6      | Noticed Sigmund
  6047 | D:6      | Killed Sigmund
  6106 | D:6      | Found Fagatz's Antique Weapon Boutique.
  6114 | D:6      | Bought a brightly glowing hunting sling for 195 gold pieces
  6114 | D:6      | Identified the +5 hunting sling of Seloynet {speed, rPois
                  | Will- Str+2} (You bought it in a shop on level 6 of the
                  | Dungeon)
  6121 | D:6      | Found a staircase to the Ecumenical Temple.
  6128 | Temple   | Entered the Ecumenical Temple
  6270 | Temple   | Became a worshipper of Warmaster Okawaru
  6430 | D:6      | Noticed Maggie
  6442 | D:6      | Killed Maggie
  7198 | D:7      | Reached * piety under Okawaru
  7199 | D:7      | Reached skill level 5 in Invocations
  7556 | D:7      | Found a runed translucent door.
  7557 | D:7      | Noticed Crazy Yiuf
  7564 | D:7      | Killed Crazy Yiuf
  7647 | D:7      | Reached XP level 10. HP: 65/80 MP: 17/17
  7958 | D:8      | Reached skill level 5 in Short Blades
  7958 | D:8      | Reached skill level 5 in Long Blades
  7958 | D:8      | Reached skill level 5 in Maces & Flails
  7958 | D:8      | Reached skill level 5 in Polearms
  7958 | D:8      | Reached skill level 5 in Staves
  7958 | D:8      | Reached skill level 5 in Slings
  7958 | D:8      | Reached skill level 5 in Bows
  7958 | D:8      | Reached skill level 5 in Crossbows
  7958 | D:8      | Reached skill level 5 in Throwing
  7958 | D:8      | Reached skill level 5 in Dodging
  7958 | D:8      | Reached skill level 5 in Stealth
  7958 | D:8      | Reached skill level 5 in Unarmed Combat
  7958 | D:8      | Reached skill level 5 in Spellcasting
  7958 | D:8      | Reached skill level 5 in Evocations
  7983 | D:8      | Noticed a death yak
  7998 | D:8      | Noticed a death yak
  7998 | D:8      | Noticed a death yak
  8040 | D:8      | Killed a death yak
  8040 | D:8      | Reached ** piety under Okawaru
  8049 | D:8      | Killed a death yak
  8058 | D:8      | Killed a death yak
  8376 | D:8      | Found a staircase to the Lair.
  8622 | D:8      | Gained mutation: Your magical capacity is low. (-10% MP)
                  | [potion of mutation]
  8622 | D:8      | Gained mutation: You are somewhat resistant to further
                  | mutation. [potion of mutation]
  8622 | D:8      | Gained mutation: You are robust. (+10% HP) [potion of
                  | mutation]
  8623 | D:8      | Lost mutation: You are robust. (+10% HP) [potion of
                  | mutation]
  8623 | D:8      | Lost mutation: You are somewhat resistant to further
                  | mutation. [potion of mutation]
  8623 | D:8      | Gained mutation: Your spells are a little easier to cast,
                  | but a little less powerful. [potion of mutation]
  8623 | D:8      | Gained mutation: You have a pair of small horns on your
                  | head. [potion of mutation]
  8624 | D:8      | Lost mutation: Your spells are a little easier to cast, but
                  | a little less powerful. [potion of mutation]
  8624 | D:8      | Lost mutation: Your magical capacity is low. (-10% MP)
                  | [potion of mutation]
  8624 | D:8      | Gained mutation: Your spells are a little harder to cast,
                  | but a little more powerful. [potion of mutation]
  8624 | D:8      | Gained mutation: You sometimes lose the ability to read
                  | scrolls when taking damage. [potion of mutation]
  8624 | D:8      | Gained mutation: You are partially covered in iridescent
                  | scales. (AC +2) [potion of mutation]
  8624 | D:8      | Gained mutation: Your muscles are strong. (Str +2) [potion
                  | of mutation]
  8922 | D:8      | Noticed Prince Ribbit
  8933 | D:8      | Killed Prince Ribbit
  9219 | D:9      | Found a runed translucent door.
  9223 | D:9      | Noticed willcat's ghost (journeyman KoDe)
  9225 | D:9      | Identified the +8 trident "Bacsuppu" {vorpal, rElec rC+++
                  | Will- Int-3}
  9246 | D:9      | Reached *** piety under Okawaru
  9261 | D:9      | Reached XP level 11. HP: 68/87 MP: 17/19
  9272 | D:9      | Killed willcat's ghost
  9642 | D:9      | Reached skill level 5 in Conjurations
  9642 | D:9      | Reached skill level 5 in Hexes
  9642 | D:9      | Reached skill level 5 in Summonings
  9642 | D:9      | Reached skill level 5 in Necromancy
  9642 | D:9      | Reached skill level 5 in Translocations
  9642 | D:9      | Reached skill level 5 in Transmutations
  9642 | D:9      | Reached skill level 5 in Fire Magic
  9642 | D:9      | Reached skill level 5 in Ice Magic
  9642 | D:9      | Reached skill level 5 in Air Magic
  9642 | D:9      | Reached skill level 5 in Earth Magic
  9642 | D:9      | Reached skill level 5 in Poison Magic
  9650 | D:9      | Noticed a cyclops
  9666 | D:9      | Killed a cyclops
  9692 | D:9      | Received a gift from Okawaru
  9743 | D:9      | Noticed a boulder beetle
  9744 | D:9      | Reached **** piety under Okawaru
  9746 | D:9      | Noticed Erolcha
  9766 | D:9      | Killed a boulder beetle
 10031 | D:9      | Cast into level 1 of the Abyss (Erolcha)
 10101 | Abyss:1  | Noticed a green draconian
 10108 | Abyss:1  | HP: 4/89 [green draconian (13)]
 10109 | Abyss:1  | Succumbed to a green draconian's poison gas

Illustrated notes

Levels and vault maps discovered:
D:1:      minmay_arrival_diagonal_passages, layout_rooms,
          hellmonk_ecumenical_altar_arch_garden, minmay_hexomino_c4
D:2:      layout_basic, hex_large
D:3:      layout_loops_corners, fedhas_altar_2, minmay_quadrilaterals
D:4:      layout_basic, elyvilon_altar_4, serial_glass, glass_columns_a,
          glass_columns_b, glass_columns_b, glass_columns_b, glass_columns_a,
          glass_columns_b, glass_columns_a, glass_columns_a,
          minmay_strange_pillars, minmay_strange_pillars, due_unseen_surprise,
          abandoned_shop, uniq_blork_the_orc, uniq_robin, uniq_eustachio
D:5:      layout_basic, serial_shops, nicolae_square_shop,
          minmay_increasing_density, uniq_grinder
D:6:      layout_loops_corners, minmay_temple_entry_butterflies, serial_shops,
          shop, portal_sewer_entry_c, uniq_sigmund, uniq_edmund, uniq_maggie
D:7:      layout_gridville, uniq_crazy_yiuf_cottage
D:8:      layout_basic, dpeg_lair_monsters, kennysheep_small_spiral,
          uniq_prince_ribbit1
D:9:      cheibrodos_ideogram_h, layout_basic, ebering_ghost_funeral_grove,
          uniq_erolcha
Temple:   mainiacjoe_temple_cubbyholes
Abyss:1:  base: D:4, evilmike_abyss_exit_chaos

Skill      XL: |  1  2  3  4  5  6  7  8  9 10 11 |
---------------+----------------------------------+-----
Invocations    | 1 2 3 4 5 6 |  6.9
Short Blades   | 1 2 3 4 5 6 |  6.2
Long Blades    | 1 2 3 4 5 6 |  6.2
Maces & Flails | 1 2 3 4 5 6 |  6.2
Polearms       | 1 2 3 4 5 6 |  6.2
Staves         | 1 2 3 4 5 6 |  6.2
Slings         | 1 2 3 4 5 6 |  6.2
Bows           | 1 2 3 4 5 6 |  6.2
Crossbows      | 1 2 3 4 5 6 |  6.2
Throwing       | 1 2 3 4 5 6 |  6.2
Dodging        | 1 2 3 4 5 6 |  6.2
Stealth        | 1 2 3 4 5 6 |  6.2
Unarmed Combat | 1 2 3 4 5 6 |  6.2
Spellcasting   | 1 2 3 4 5 6 |  6.2
Evocations     | 1 2 3 4 5 6 |  6.2
Conjurations   | 1 2 3 4 5 |  5.2
Hexes          | 1 2 3 4 5 |  5.2
Summonings     | 1 2 3 4 5 |  5.2
Necromancy     | 1 2 3 4 5 |  5.2
Translocations | 1 2 3 4 5 |  5.2
Transmutations | 1 2 3 4 5 |  5.2
Fire Magic     | 1 2 3 4 5 |  5.2
Ice Magic      | 1 2 3 4 5 |  5.2
Air Magic      | 1 2 3 4 5 |  5.2
Earth Magic    | 1 2 3 4 5 |  5.2
Poison Magic   | 1 2 3 4 5 |  5.2
Axes           | 5 6 7 |  7.8
Fighting       | 7 8 9 |  9.1
Armour         | 7 8 9 |  9.1
Shields        | 7 8 9 |  9.1

Action                   |  1- 3 |  4- 6 |  7- 9 | 10-12 || total
-------------------------+-------+-------+-------+-------++-------
Melee: War axe           |    80 |    94 |   156 |       ||   330
       Bite              |     5 |    10 |    21 |     6 ||    42
       Flail             |       |       |    44 |    57 ||   101
       Trident           |       |       |       |    56 ||    56
       Headbutt          |       |       |       |    15 ||    15
 Fire: Hunting sling     |    59 |    70 |   203 |   219 ||   551
Throw: Dart              |       |     6 |       |     3 ||     9
Invok: Heroism           |       |       |       |     4 ||     4
Evoke: Wand              |       |     1 |       |     6 ||     7
  Use: Scroll            |       |     9 |    13 |     2 ||    24
       Potion            |       |       |     4 |     4 ||     8
Armor: Scale mail        |    46 |    38 |       |       ||    84
       Ring mail         |       |     8 |    91 |    36 ||   135
       Skin              |       |       |       |    24 ||    24
Dodge: Dodged            |    41 |    43 |    93 |    39 ||   216
Block: Buckler           |    31 |    27 |    57 |    34 ||   149
       Kite shield       |       |       |       |     3 ||     3
